Map: Old Republic LE

Players

LiquidMaNa (MaNa) - Winner!

  • Race: Protoss Protoss
  • League: Grandmaster
  • Spawn Location: 7:00

Jumy (ForJumy)

  • Race: Protoss Protoss
  • League: Master
  • Spawn Location: 1:00

VOD

Have the link to the VOD?

Description

Time

  • Played on: Jan. 30, 2026, 2:05 p.m.
  • Length: 8:19
Show
View Real Time Build Order
Export as new Build Order

LiquidMaNa Protoss - Winner!

Build Orders: Oracle Opening, Blink Stalkers 

Get SALT Encoding   

  12  0:00  Probe  
  13  0:12  Probe  
  14  0:18  Pylon  
  14  0:23  Probe  
  15  0:32  Probe  
  15  0:38  Gateway  
  15  0:40  Probe  
  16  0:46  Assimilator  
  17  0:52  Probe  
  18  1:00  Probe  
  18  1:06  Assimilator  
  18  1:08  Probe  
  18  1:10  Gateway  
  20  1:19  Probe  
  21  1:26  Cybernetics Core  
  21  1:31  Probe  
  22  1:36  Pylon  
  22  1:43  Probe  
  23  1:55  Probe  
  24  2:04  Adept  
  24  2:05  Stargate  
  26  2:09  Probe  
  26  2:10  Warp Gate  
  26  2:14  Stalker  
  29  2:24  Pylon  
  29  2:28  Probe  
  29  2:39  Oracle  
  33  3:02  Nexus  
  33  3:05  Probe  
  33  3:17  Probe  
  33  3:18  Oracle  
  37  3:29  Probe  
  37  3:33  Twilight Council  
  38  3:41  Probe  
  38  3:45  Blink  
  39  3:58  Pylon  
  39  4:04  Shield Battery  
  39  4:14  Probe  
  39  4:15  Probe, Stalker  
  39  4:16  Stalker  
  45  4:26  Probe  
  45  4:27  Probe  
  47  4:38  Probe, Stalker  
  46  4:39  Probe  
  46  4:40  Stalker  
  48  4:49  Gateway  
  48  4:50  Gateway  
  48  4:51  Probe x2  
  50  4:55  Assimilator  
  50  5:01  Stalker  
  50  5:03  Stalker  
  50  5:06  Probe  
  55  5:07  Probe  
  55  5:11  Pylon  
  56  5:18  Probe  
  56  5:19  Probe  
  58  5:27  Stalker x2  
  62  5:30  Probe  
  62  5:31  Probe  
  65  5:45  Pylon  
  65  5:46  Stalker x2  
  68  5:50  Stalker  
  70  6:02  Nexus  
  70  6:06  Pylon  
  70  6:09  Stalker x2  
  74  6:13  Stalker  
  74  6:18  Stalker  
  78  6:25  Pylon  
  78  6:36  Stalker x3  
  78  6:38  Probe  
  78  6:39  Probe  
  86  6:44  Pylon  
  84  7:00  Probe  
  75  7:04  Probe  
  75  7:06  Stalker x4  
  77  7:09  Oracle  
  77  7:15  Probe  
  74  7:22  Probe x2  
  76  7:33  Stalker x4  
  82  7:39  Probe x3  
  85  7:51  Probe  
  84  7:53  Probe  
  84  7:56  Probe  
  84  7:58  Stalker x4, Pylon  
  92  8:03  Probe  
  92  8:05  Probe  
Show
View Real Time Build Order
Export as new Build Order

Jumy Protoss 

Build Orders: Blink Stalkers 

Get SALT Encoding   

  12  0:00  Probe  
  13  0:12  Probe  
  14  0:17  Pylon  
  14  0:24  Probe  
  15  0:34  Probe  
  15  0:35  Gateway  
  15  0:42  Probe  
  16  0:48  Assimilator  
  17  0:53  Probe  
  17  0:55  Assimilator  
  18  1:03  Probe  
  18  1:09  Gateway  
  18  1:11  Probe  
  20  1:20  Probe  
  21  1:27  Cybernetics Core  
  21  1:32  Probe  
  22  1:33  Pylon  
  22  1:44  Probe  
  23  1:56  Probe  
  23  2:00  Stalker  
  24  2:03  Sentry  
  28  2:08  Warp Gate, Probe  
  29  2:21  Probe  
  30  2:24  Pylon  
  30  2:27  Pylon  
  30  2:33  Probe  
  31  2:42  Nexus  
  31  2:45  Probe  
  31  2:46  Sentry  
  34  2:52  Shield Battery  
  34  2:57  Probe  
  35  2:58  Stalker  
  37  3:11  Twilight Council  
  37  3:15  Probe  
  38  3:20  Pylon  
  38  3:25  Shield Battery  
  38  3:28  Probe  
  39  3:38  Shield Battery  
  39  3:40  Probe  
  40  3:43  Blink  
  37  3:52  Probe  
  37  4:02  Probe  
  37  4:03  Stalker, Probe  
  41  4:10  Probe  
  41  4:12  Probe  
  43  4:19  Stalker  
  43  4:22  Probe  
  43  4:23  Probe  
  44  4:31  Probe  
  44  4:35  Probe  
  46  4:38  Stalker  
  46  4:39  Probe  
  47  4:47  Probe x2  
  49  4:53  Stalker  
  49  4:55  Probe  
  49  4:59  Probe  
  53  5:07  Probe  
  53  5:10  Gateway  
  53  5:13  Probe  
  55  5:17  Adept x2  
  55  5:19  Probe  
  60  5:23  Pylon  
  60  5:25  Probe  
  61  5:32  Probe  
  62  5:36  Nexus  
  62  5:43  Probe, Pylon  
  62  5:45  Stalker  
  62  5:49  Stalker  
  67  5:50  Probe  
  67  5:56  Shield Battery  
  68  6:01  Gateway  
  68  6:02  Forge  
  68  6:06  Probe  
  68  6:08  Stalker  
  68  6:10  Probe  
  72  6:15  Pylon  
  72  6:18  Probe  
  73  6:21  Stalker  
  73  6:22  Probe  
  74  6:29  Stalker  
  74  6:30  Probe  
  75  6:34  Probe  
  75  6:38  Stalker  
  78  6:42  Probe  
  79  6:51  Stalker  
  79  6:53  Stalker  
  73  7:00  Shield Battery  
  64  7:02  Probe  
  64  7:04  Stalker  
  57  7:12  Stalker  
  57  7:13  Probe  
  53  7:22  Stalker x2, Probe x2  
  57  7:29  Pylon  
  56  7:34  Stalker  
  56  7:36  Stalker  
  56  7:37  Probe  
  56  7:39  Probe x2  
  58  7:50  Stalker x2, Probe  
  57  7:52  Probe  
  57  7:54  Probe  
  57  7:57  Stalker  
  58  8:02  Probe x2  
  58  8:04  Probe  
  58  8:08  Stalker  
Tags
 
Add a new tag
Caveats
  • Supply blocks, unpowered buildings, or Contaminate may cause inaccurate times.
  • Supply counts are checked every 10 seconds.